 Dungeon Crawl Stone Soup version 0.19-b1-3-g7dea586 (webtiles) character file.

88 Snowbleach the Ducker (level 4, 0/26 HPs)
             Began as a Kobold Artificer on Oct 29, 2016.
             Slain by a flying skull (3 damage)
             ... created by the anger of Yredelemnul
             ... on level 2 of the Dungeon.
             The game lasted 00:22:34 (2103 turns).

Snowbleach the Ducker (Kobold Artificer)            Turns: 2103, Time: 00:22:34

Health: 0/26       AC:  3    Str:  9 (10) XL:     4   Next: 81%
Magic:  6/6        EV: 18    Int: 11 (12) God:
Gold:   59         SH:  0    Dex: 13 (15) Spells: 0 memorised, 3 levels left

rFire  . . .     SeeInvis .     a - +0 short sword
rCold  . . .     Gourm    .     b - +0 leather armour
rNeg   . . .     Faith    .     (shield restricted)
rPois  .         Spirit   .     (no helmet)
rElec  .         Reflect  .     (no cloak)
rCorr  .         Harm     .     (no gloves)
MR     .....                    (no boots)
Stlth  +.........               (no amulet)
                                (no ring)
                                i - +3 ring of evasion

@: no status effects
A: carnivore 3
a: no special abilities


You were on level 2 of the Dungeon.
You were completely stuffed.

You visited 1 branch of the dungeon, and saw 2 of its levels.

You collected 59 gold pieces.

Inventory:

Hand Weapons
 a - a +0 short sword (weapon)
Armour
 b - a +0 leather armour (worn)
Jewellery
 i - a +3 ring of evasion (left hand)
Wands
 c - a wand of flame (19/48)
 d - a wand of enslavement (10/24)
 e - a wand of random effects (15/48)
Scrolls
 h - a scroll of identify
Potions
 n - 2 potions of curing
Comestibles
 f - 2 meat rations


   Skills:
 + Level 1.9 Fighting
 + Level 3.6 Short Blades
 - Level 0.8 Armour
 + Level 3.7 Dodging
 - Level 1.3 Stealth
 - Level 3.6 Evocations


You had 3 spell levels left.
You didn't know any spells.

Dungeon Overview and Level Annotations

Branches:
Dungeon (2/15)

Altars:
Nemelex Xobeh
Yredelemnul


Innate Abilities, Weirdness & Mutations

You are small and have problems with some larger weapons.
You are carnivorous and can eat meat at any time.


Message History

Press: ? - help, Shift-Dir - straight line, f/p - flying skull
Aim: a flying skull (durably summoned, chance to defeat MR: 53%)
The flying skull resists with significant effort.
This wand has 11 charges left.
The flying skull closely misses you. The flying skull barely misses you.
Evoke which item? (* to show all) (? for menu, Esc to quit)
Zapping:
d - a wand of enslavement (11/24)
Press: ? - help, Shift-Dir - straight line, f/p - flying skull
Aim: a flying skull (durably summoned, chance to defeat MR: 53%)
The flying skull is charmed.
This wand has 10 charges left.
You now have 59 gold pieces (gained 8).
You see here a chunk of flesh.
Press: ? - help, v - describe, . - travel
Here: a flying skull (in your thrall, friendly, durably summoned)
The floor, spattered with blood.
You start resting.
The flying skull is no longer charmed.
The flying skull hits you.
* * * LOW HITPOINT WARNING * * *
The flying skull hits you.
You die...

#)#*#§§§##...# #########
#.#*##§###...# ........#
#.#*######...# #######.#
#.#>......._.. ...[# #.#
#.#*######...# ....# #.#
######.#*##§###...# ....# #.#
#...#..#*#§.§##...# ....# #.#
#...#..#*§§§§.#...# #.### #.#
#.@>#.##*#§§§##.>.#
#..####.#######z....#**##§###...#
...................###*######...#
..###.#.####......##.########'''#
........##)....(.........###....#
..###........##...##.........####
..###...###.###..........#####
..........#.# #....#######
..#..#......# ###.##


You could see a flying skull.

Vanquished Creatures
  Ijyb (D:2)
  2 adders (D:2)
  A worm (D:2)
  A dart slug (D:1)
  3 leopard geckos
  4 bats
  2 giant cockroaches
  8 goblins
  2 hobgoblins (D:1)
  5 kobolds
  4 frilled lizards
  2 rats (D:1)
35 creatures vanquished.

Vanquished Creatures (collateral kills)
  A flying skull (D:2)
1 creature vanquished.

Grand Total: 36 creatures vanquished

Notes
Turn   | Place    | Note
-------+----------+-------------------------------------------
     0 | D:1      | Snowbleach the Kobold Artificer began the quest for the Orb.
     0 | D:1      | Reached XP level 1. HP: 12/12 MP: 3/3
    87 | D:1      | Reached XP level 2. HP: 16/16 MP: 4/4
   679 | D:1      | Reached XP level 3. HP: 16/20 MP: 5/5
  1507 | D:2      | Reached XP level 4. HP: 25/25 MP: 6/6
  1553 | D:2      | Found a faded altar of an unknown god.
  1558 | D:2      | Became a worshipper of Yredelemnul the Dark
  1558 | D:2      | Reached * piety under Yredelemnul
  1563 | D:2      | Fell from the grace of Yredelemnul
  1696 | D:2      | Noticed a flying skull
  1696 | D:2      | Noticed a flying skull
  1696 | D:2      | Noticed a flying skull
  1696 | D:2      | Noticed a flying skull
  1696 | D:2      | Noticed a flying skull
  1869 | D:2      | Noticed Ijyb
  1891 | D:2      | Killed Ijyb
  1918 | D:2      | Found a sparkling altar of Nemelex Xobeh.
  2039 | D:2      | Killed a flying skull
  2103 | D:2      | Slain by a flying skull

Skill      XL: |  1  2  3  4 |
---------------+-------------+-----
Short Blades   | 2 3 |  3.6
Dodging        | 3 |  3.7
Fighting       | |  1.9
Armour         | |  0.8
Stealth        | |  1.3
Evocations     | |  3.6

Action                   |  1- 3 |  4- 6 || total
-------------------------+-------+-------++-------
Melee: Short sword       |   103 |    51 ||   154
Invok: Renounce Religion |       |     1 ||     1
Evoke: Wand              |       |     5 ||     5
  Use: Scroll            |     5 |     4 ||     9
       Potion            |     5 |       ||     5
 Stab: Sleeping          |     2 |       ||     2
  Eat: Chunk             |    10 |     2 ||    12
Armor: Leather armour    |    10 |     4 ||    14
Dodge: Dodged            |    68 |    54 ||   122
